AoeStats
← elijamesleon2

Arena

509953928Analyzed
4v4 RM · 3d ago on Sep 28, 2026· 51m 0s· 8 players
Game mode
Random Map
Map size
Large (8 player)
Population
200
Speed
Normal
Resources
Standard
Victory
Conquest
Starting age
Dark Age
Ending age
Imperial Age
RankedLock teamsTeams togetherTeam positionsShared explorationLock speedFull tech treeHidden civsTurbo modeCheats
Victory
Defeat
🇬🇧 Spanish · United Kingdom
765
+15
🇺🇸 Franks · United States
750
+15
🇬🇧 Turks · United Kingdom
729
+16
🇧🇷 Byzantines · Brazil
672
+19
🇺🇸 Persians · United States
828
-19
🇺🇸 Koreans · United States
795
-19
🇺🇸 Spanish · United States
701
-15
🇵🇪 Bohemians · Peru
618
-12
Lautenaius Maximus
10:57 Feudal Age
13:15 Double-Bit Axe
17:26 Castle Age
21:14 Fletching
23:15 Stone Mining
23:16 Crossbowman
26:30 Bodkin Arrow
27:01 Gold Mining
28:53 Thumb Ring
32:02 Ballistics
31:39 Murder Holes
31:54 Pikeman
35:03 Loom
35:54 Wheelbarrow
40:00 Imperial Age
37:46 Hand Cart
39:09 Squires
38:54 Arson
40:38 Fortified Wall
40:56 Bow Saw
42:36 Arbalester
43:20 Halberdier
44:06 Bracer
44:17 Forging
45:42 Conscription
46:39 Gold Shaft Mining
46:42 Stone Shaft Mining
47:25 Iron Casting
48:13 Chemistry
50:23 Scale Mail Armor
JT One
0:36 Loom
12:44 Feudal Age
19:40 Castle Age
20:47 Double-Bit Axe
24:11 Gold Mining
24:14 Stone Mining
26:16 Pikeman
27:41 Wheelbarrow
28:09 Bow Saw
28:59 Gold Shaft Mining
31:42 Imperial Age
28:45 Elite Skirmisher
31:13 Hand Cart
32:41 Halberdier
34:01 Cavalier
34:42 Husbandry
36:23 Scale Barding Armor
36:18 Scale Mail Armor
36:19 Padded Archer Armor
37:15 Paladin
40:45 Leather Archer Armor
40:45 Chain Mail Armor
40:51 Chain Barding Armor
47:24 Heavy Scorpion
Thermic_Marlin
9:09 Feudal Age
16:01 Castle Age
Miss Priss
5:31 Loom
10:13 Feudal Age
10:54 Double-Bit Axe
11:43 Horse Collar
13:01 Wheelbarrow
13:07 Wheelbarrow
13:26 Gold Mining
15:24 Stone Mining
20:39 Castle Age
23:09 Bow Saw
24:23 Bloodlines
24:13 Husbandry
27:02 Forging
26:57 Scale Barding Armor
28:58 Hand Cart
28:33 Town Watch
35:20 Imperial Age
34:57 Iron Casting
34:28 Scale Barding Armor
36:18 Caravan
36:51 Cavalier
38:42 Blast Furnace
38:03 Chain Barding Armor
46:25 Gold Shaft Mining
46:58 Two-Man Saw
ZaddyStacks
0:29 Loom
12:18 Feudal Age
13:59 Wheelbarrow
13:14 Double-Bit Axe
14:16 Horse Collar
14:28 Gold Mining
29:19 Castle Age
29:09 Stone Mining
33:29 Stone Shaft Mining
33:31 Gold Shaft Mining
33:47 Bow Saw
34:13 Fletching
37:03 Imperial Age
34:39 Husbandry
35:39 Hand Cart
38:28 Conscription
39:27 Bodkin Arrow
44:34 Light Cavalry
elijamesleon2
0:57 Loom
16:52 Feudal Age
24:33 Wheelbarrow
26:15 Forging
26:10 Scale Barding Armor
34:08 Castle Age
35:54 Hand Cart
36:32 Bloodlines
37:05 Fortified Wall
39:10 Chain Barding Armor
39:33 Fervor
42:03 Imperial Age
39:44 Light Cavalry
40:38 Horse Collar
42:21 Heavy Plow
42:16 Stone Mining
42:17 Gold Mining
42:21 Double-Bit Axe
43:01 Cavalier
45:34 Cavalier
WavyRackz
0:32 Loom
8:41 Loom
11:39 Feudal Age
15:50 Castle Age
14:58 Double-Bit Axe
16:52 Stone Mining
18:42 Wheelbarrow
18:56 Stone Shaft Mining
19:03 Coinage
19:42 Hand Cart
25:16 Bow Saw
25:41 Gold Mining
26:23 Horse Collar
27:29 Scale Barding Armor
28:46 Forging
29:37 Chain Barding Armor
31:46 Iron Casting
35:18 Heavy Plow
35:43 Husbandry
35:53 Bloodlines
40:29 Imperial Age
38:38 Gold Shaft Mining
40:19 Elite War Elephant
41:20 Conscription
42:19 Plate Barding Armor
42:45 Blast Furnace
edgarjpa25
5:23 Loom
9:06 Loom
10:53 Feudal Age
12:28 Double-Bit Axe
25:25 Castle Age
24:53 Forging
24:43 Scale Mail Armor
26:13 Pikeman
26:53 Squires
37:56 Iron Casting
37:36 Chain Mail Armor
Connection lost

Rejoining the realm…

Still unreachable

The connection could not be restored.

Session expired

The server has moved on; the page needs a fresh start.